Map: Triton LE

Players

Tran (MeomaikA) - Winner!

  • Race: Zerg Zerg
  • Spawn Location: 5:00

Khun (Ranger)

  • Race: Protoss Protoss
  • Spawn Location: 11:00

Event: SEA Games 2019

VOD

https://youtu.be/RwAzukJ3DcI

Description

Time

  • Played on: Dec. 4, 2019, 10:47 p.m.
  • Length: 11:33

All games in this series

Show
View Real Time Build Order
Export as new Build Order

Tran Zerg - Winner!

Build Orders: Pool First 

Get SALT Encoding   

  12  0:00  Drone  
  13  0:07  Drone  
  14  0:16  Overlord  
  14  0:23  Extractor, Drone  
  15  0:34  Drone x2  
  17  0:43  Spawning Pool  
  17  0:47  Drone  
  17  1:07  Hatchery  
  17  1:10  Drone  
  17  1:11  Extractor  
  17  1:14  Drone  
  17  1:30  Zergling x4  
  17  1:31  Queen  
  21  1:37  Drone  
  22  1:48  Overlord  
  22  2:06  Drone  
  22  2:07  Queen  
  25  2:10  Drone  
  25  2:12  Metabolic Boost  
  26  2:21  Drone x2  
  28  2:30  Drone  
  28  2:31  Drone  
  30  2:41  Drone  
  30  2:42  Drone  
  30  2:43  Drone  
  30  2:44  Drone  
  33  2:46  Drone  
  33  2:58  Overlord  
  33  3:00  Hatchery  
  33  3:04  Zergling x4  
  34  3:07  Zergling x2  
  36  3:12  Zergling x2  
  36  3:17  Lair  
  36  3:18  Zergling x4  
  38  3:20  Zergling x2  
  38  3:22  Drone  
  38  3:24  Drone  
  41  3:30  Drone x3  
  44  3:34  Drone  
  44  3:38  Drone  
  42  3:44  Overlord  
  42  3:48  Overlord  
  42  3:50  Spore Crawler  
  42  3:51  Spore Crawler  
  40  4:02  Drone x4  
  44  4:04  Zergling x2  
  42  4:11  Zergling x2  
  42  4:12  Zergling x2  
  42  4:14  Zergling x2  
  45  4:21  Spire, Extractor, Zergling x2  
  45  4:22  Zergling x4  
  46  4:26  Zergling x4  
  46  4:28  Drone  
  49  4:33  Drone x3  
  52  4:45  Drone x3  
  54  4:48  Zergling x4  
  54  4:51  Overlord  
  56  4:53  Drone  
  57  5:05  Drone  
  56  5:09  Drone x2  
  56  5:10  Drone x2  
  56  5:12  Drone x2  
  57  5:21  Drone  
  57  5:27  Drone x2  
  57  5:28  Drone  
  56  5:30  Drone x2  
  56  5:33  Zergling x2  
  56  5:35  Extractor, Zergling x2, Overlord x2  
  57  5:37  Zergling x2  
  57  5:39  Spore Crawler  
  57  5:40  Zergling x2  
  58  5:48  Overlord  
  58  5:53  Queen x2, Spine Crawler  
  58  5:56  Mutalisk x2, Roach Warren  
  58  5:57  Mutalisk  
  64  6:02  Spine Crawler  
  66  6:04  Drone x2  
  66  6:05  Drone x2  
  66  6:07  Queen  
  72  6:16  Drone x2  
  72  6:17  Drone x4  
  78  6:18  Overlord  
  78  6:23  Extractor  
  77  6:28  Drone x2  
  79  6:34  Evolution Chamber  
  79  6:35  Overlord  
  79  6:36  Roach x3, Overlord x2  
  79  6:37  Glial Reconstitution  
  84  6:42  Roach x2  
  84  6:43  Roach  
  84  6:45  Roach  
  90  6:55  Roach x2  
  90  6:57  Roach x2  
  90  6:58  Roach  
  90  7:00  Roach  
  90  7:01  Roach x2  
  102  7:03  Roach  
  102  7:04  Roach  
  102  7:06  Zerg Missile Weapons Level 1  
  102  7:08  Roach  
  110  7:09  Roach  
  110  7:15  Roach x2  
  114  7:18  Overlord x2  
  114  7:30  Hatchery  
  113  7:42  Roach x8  
  113  7:43  Zergling x2  
  130  7:45  Overlord  
  130  7:46  Overlord  
  130  8:03  Zergling x2  
  125  8:07  Roach  
  125  8:08  Roach x10  
  125  8:10  Roach x2  
  141  8:24  Overlord x2  
  141  8:28  Overlord x5  
  136  8:43  Drone x10  
  146  8:50  Roach x3  
  146  8:52  Corruptor x2  
  146  8:55  Corruptor  
  158  8:57  Roach  
  158  8:59  Roach  
  158  9:01  Roach  
  164  9:03  Roach x2  
  164  9:06  Roach  
  164  9:07  Roach  
  170  9:10  Roach x2  
  170  9:13  Zerg Missile Weapons Level 2  
  170  9:16  Roach  
  170  9:17  Roach  
  178  9:18  Drone  
  178  9:21  Zergling x8  
  183  9:27  Zergling x4  
  183  9:29  Zergling x8  
  183  9:30  Zergling x4  
  191  9:40  Overlord  
  191  9:46  Overlord  
  188  9:58  Zergling x2  
  183  10:01  Zergling x2  
  183  10:02  Zergling x6  
  183  10:03  Zergling x4  
  183  10:04  Zergling x2  
  183  10:05  Zergling x24  
  175  10:13  Roach x4  
  167  10:17  Roach x2  
  167  10:18  Roach  
  158  10:21  Roach  
  158  10:22  Roach x2  
  158  10:26  Roach  
  158  10:27  Roach x2  
  158  10:28  Roach, Infestation Pit  
  153  10:29  Roach  
  153  10:30  Roach  
  153  10:31  Roach  
  153  10:32  Roach x2  
  153  10:33  Roach  
  153  10:34  Zergling x2  
  153  10:39  Roach  
  153  10:41  Roach x2  
  157  10:42  Nydus Network  
  157  10:45  Roach, Hatchery  
  147  10:50  Roach x2  
  147  10:51  Roach x2, Drone x2  
  147  10:54  Extractor x2  
  147  10:55  Roach  
  147  10:56  Roach  
  158  10:57  Drone  
  158  10:59  Drone  
  158  11:00  Roach  
  158  11:01  Roach  
  158  11:03  Roach  
  165  11:05  Ravager x3  
  165  11:06  Roach, Overlord  
  167  11:14  Roach  
Show
View Real Time Build Order
Export as new Build Order

Khun Protoss 

Build Orders: 1 Gate Expand, Oracle Opening 

Get SALT Encoding   

  12  0:00  Probe  
  13  0:12  Probe  
  14  0:20  Pylon  
  14  0:25  Probe  
  15  0:38  Probe (Chrono Boost)  
  15  0:39  Gateway  
  16  0:48  Probe (Chrono Boost), Assimilator  
  17  0:53  Probe (Chrono Boost)  
  18  1:05  Probe  
  19  1:17  Probe  
  20  1:23  Nexus  
  20  1:33  Cybernetics Core  
  20  1:39  Zealot  
  22  1:46  Assimilator  
  22  1:50  Pylon  
  23  1:54  Probe  
  23  2:07  Adept (Chrono Boost)  
  23  2:08  Probe (Chrono Boost)  
  23  2:14  Warp Gate  
  26  2:20  Probe (Chrono Boost)  
  27  2:24  Probe (Chrono Boost)  
  27  2:29  Adept  
  28  2:35  Probe  
  29  2:45  Probe (Chrono Boost)  
  29  2:48  Stargate  
  29  2:50  Probe (Chrono Boost)  
  30  2:58  Probe (Chrono Boost)  
  31  3:02  Stalker (Chrono Boost)  
  31  3:03  Probe (Chrono Boost)  
  31  3:04  Probe (Chrono Boost)  
  35  3:11  Probe  
  36  3:14  Probe  
  36  3:17  Pylon  
  37  3:23  Probe  
  37  3:26  Probe  
  39  3:40  Probe  
  39  3:41  Probe  
  37  3:44  Gateway, Oracle (Chrono Boost)  
  37  3:48  Assimilator  
  42  3:51  Assimilator  
  42  3:52  Probe  
  42  3:53  Probe  
  42  4:03  Pylon  
  42  4:04  Probe, Sentry  
  42  4:05  Probe  
  42  4:08  Pylon  
  44  4:14  Oracle  
  44  4:16  Probe (Chrono Boost)  
  48  4:21  Probe (Chrono Boost)  
  48  4:23  Gateway  
  49  4:27  Probe (Chrono Boost), Gateway  
  49  4:29  Sentry  
  53  4:32  Probe x2 (Chrono Boost)  
  54  4:42  Probe  
  55  4:50  Zealot  
  55  4:51  Oracle  
  60  4:53  Pylon  
  60  5:02  Zealot  
  62  5:11  Zealot  
  62  5:18  Zealot  
  62  5:22  Zealot  
  62  5:25  Probe (Chrono Boost)  
  62  5:27  Probe (Chrono Boost)  
  62  5:28  Zealot  
  65  5:29  Adept  
  68  5:36  Oracle  
  68  5:37  Probe (Chrono Boost)  
  68  5:38  Probe (Chrono Boost)  
  72  5:42  Robotics Facility  
  72  5:48  Probe  
  73  5:51  Forge, Sentry  
  73  5:53  Nexus  
  73  5:54  Pylon  
  75  6:02  Probe  
  75  6:03  Probe  
  77  6:09  Pylon  
  77  6:11  Pylon  
  77  6:14  Forge  
  77  6:19  Probe  
  77  6:20  Probe  
  77  6:23  Protoss Ground Weapons Level 1 (Chrono Boost)  
  79  6:30  Immortal (Chrono Boost)  
  79  6:31  Probe  
  84  6:33  Probe  
  84  6:35  Twilight Council  
  85  6:41  Gateway  
  85  6:46  Gateway  
  87  6:49  Stalker  
  87  6:50  Stalker  
  88  6:54  Stalker  
  89  7:03  Stalker  
  89  7:07  Probe x2 (Chrono Boost)  
  90  7:11  Probe (Chrono Boost)  
  87  7:19  Probe x2 (Chrono Boost)  
  87  7:22  Phoenix  
  92  7:24  Probe x2 (Chrono Boost)  
  92  7:25  Probe (Chrono Boost), Observer (Chrono Boost)  
  95  7:31  Sentry x2  
  95  7:32  Probe  
  95  7:33  Probe x2  
  102  7:42  Stalker, Sentry  
  102  7:43  Sentry  
  108  7:44  Probe  
  108  7:45  Probe x2  
  111  7:56  Probe  
  111  7:57  Stalker x2  
  114  8:06  Stalker  
  114  8:07  Stalker  
  114  8:08  Sentry x2  
  116  8:16  Probe  
  116  8:18  Assimilator  
  117  8:20  Pylon  
  117  8:21  Blink (Chrono Boost)  
  117  8:22  Pylon  
  117  8:24  Pylon  
  117  8:26  Shield Battery  
  117  8:38  Probe x2, Immortal (Chrono Boost)  
  117  8:40  Stalker x2  
  125  8:43  Probe  
  125  8:47  Assimilator  
  126  8:50  Protoss Ground Weapons Level 2 (Chrono Boost), Probe x2  
  128  8:56  Stalker x2  
  132  9:03  Templar Archives  
  132  9:08  Warp Prism (Chrono Boost)  
  132  9:09  Stalker  
  134  9:11  Sentry  
  134  9:16  Photon Cannon  
  138  9:27  Stalker  
  140  9:31  Pylon  
  140  9:34  Pylon  
  140  9:35  Pylon  
  140  9:37  Gateway, Pylon  
  140  9:50  Zealot x2  
  140  9:52  Stalker x4  
  110  10:12  Stalker  
  110  10:13  Stalker  
  110  10:14  Probe  
  99  10:15  Stalker x2  
  99  10:16  Stalker  
  99  10:19  Stalker  
  98  10:22  Probe  
  98  10:26  Immortal (Chrono Boost)  
  98  10:27  Probe  
  76  10:37  Zealot x2  
  76  10:39  Stalker x2  
  76  10:40  Zealot  
  75  10:44  Stalker  
  60  10:56  Stalker  
  53  10:57  Stalker  
  53  10:58  Stalker, Immortal (Chrono Boost)  
  53  11:02  High Templar  
  62  11:04  High Templar  
  62  11:05  High Templar  
  62  11:08  Archon  
  62  11:09  High Templar  
  66  11:14  Archon  
  55  11:21  Zealot x2  
  55  11:23  Stalker  
Tags
 
Add a new tag
Caveats
  • Supply blocks, unpowered buildings, or Contaminate may cause inaccurate times.
  • Supply counts are checked every 10 seconds.